 Dungeon Crawl Stone Soup version 0.32-a0-630-g46d191b0ed (webtiles) character file.

Game seed: 2273531554128990475

540 Alarak the Trooper (level 7, -7/60 HPs)
             Began as a Barachi Hunter on Mar 7, 2024.
             Shot with an arrow by a centaur (9 damage)
             ... on level 5 of the Dungeon.
             The game lasted 00:05:16 (2389 turns).

Alarak the Trooper (Barachi Hunter)                 Turns: 2389, Time: 00:05:16

Health: -7/60      AC:  3    Str: 13    XL:     7   Next: 26%
Magic:  0/7        EV: 12    Int:  9    God:
Gold:   164        SH:  0    Dex: 23    Spells: 6/6 levels left

rFire   . . .        a - +1 shortbow
rCold   . . .        (shield currently unavailable)
rNeg    . . .        c - +0 leather armour
rPois   .            (no helmet)
rElec   .            (no cloak)
rCorr   .            (no gloves)
SInv    .            (no boots)
Will    .....        j - amulet of guardian spirit
Stlth   ++           l - +6 ring of dexterity
HPRegen 0.30/turn    (no ring)
MPRegen 0.10/turn

%: guardian spirit
@: lethally poisoned (-7 -> -14), unable to hop, slow
A: amphibious, slowness 1, strong legs 1, +LOS
a: Hop


You were on level 5 of the Dungeon.
You visited 1 branch of the dungeon, and saw 7 of its levels.

You collected 164 gold pieces.

Inventory:

Hand Weapons
 a - a +1 shortbow (weapon)
Armour
 c - a +0 leather armour (worn)
 f - a +0 chain mail
Jewellery
 j - an amulet of guardian spirit (around neck)
 l - a +6 ring of dexterity (left hand)
Scrolls
 b - a scroll of butterflies
 d - a scroll of vulnerability
 g - a scroll of amnesia {unknown}
 h - 2 scrolls of fear {unknown}
 o - 2 scrolls of blinking {unknown}
 p - a scroll of brand weapon {unknown}
 r - a scroll of summoning {unknown}
Potions
 e - 4 potions of curing
 i - a potion of brilliance
 k - a potion of enlightenment
 m - a potion of mutation
 n - 2 potions of heal wounds {unknown}
 s - a potion of haste {unknown}
 t - a potion of cancellation {unknown}


   Skills:
 - Level 7.3 Fighting
 + Level 6.2 Ranged Weapons
 - Level 2.1 Dodging
 - Level 0.8 Stealth


You had 6 spell levels left.
You didn't know any spells.
Your spell library was empty.

Dungeon Overview and Level Annotations

Branches:
Dungeon (7/15)
 Temple: D:4-7

Altars:


Innate Abilities, Weirdness & Mutations

You are amphibious.
You cover ground slowly.
You can hop short distances.
You have an extended range of vision and can be seen from far away.


Message History

The arrow hits you!
A water moccasin comes into view.
You shoot an arrow. The arrow hits the water moccasin.
The water moccasin is lightly wounded.
The centaur shoots an arrow.
The arrow hits you.
The centaur shoots an arrow.
The arrow hits you!
You shoot an arrow.
The arrow barely misses the water moccasin.
The centaur shoots an arrow.
The arrow hits you!
You are too injured to fight recklessly!
You are too injured to fight recklessly!
You are too injured to fight recklessly!
You are too injured to fight recklessly!
You are too injured to fight recklessly!
You are too injured to fight recklessly!
You are too injured to fight recklessly!
You are too injured to fight recklessly!
You are too injured to fight recklessly!
You are too injured to fight recklessly!
You are too injured to fight recklessly!
You are too injured to fight recklessly!
You are too injured to fight recklessly!
Hop to where?
Press: ? - help, Q - select action, (/) - cycle Dir - move target, p - water moccasin Boing!
The centaur shoots an arrow.
The arrow barely misses you. The water moccasin barely misses you.
The centaur shoots an arrow.
The arrow hits you! The water moccasin misses you.
Okay, then.
As you read the scroll of fog, it dissolves into smoke.
The water moccasin bites you!
* * * LOW HITPOINT WARNING * * *
The centaur shoots an arrow.
The arrow hits you.
* * * LOW HITPOINT WARNING * * *
The water moccasin attacks as it pursues you!
The water moccasin bites you!
* * * LOW HITPOINT WARNING * * *
You are lethally poisoned!
The water moccasin poisons you!
The centaur shoots an arrow.
The arrow hits you!
You die...

.. .. . #.
.... . .#.
.#. .. ...##
#<
....c.#.####
.....c#§.§§
#..§@§#
#..§S§#
#..§§§#
#..§§§#
#.....#
#######


You could see a water moccasin and a centaur.

Vanquished Creatures
  A black bear (D:4)
  An ogre (D:4)
  A howler monkey (D:3)
  A jelly (D:7)
  2 orc priests (D:3)
  An iguana (D:3)
  2 orc wizards (D:3)
  3 adders
  4 ribbon worms
  3 dart slugs
  15 orcs (D:3)
  5 bats
  8 endoplasms
  4 giant cockroaches (D:1)
  9 goblins
  6 hobgoblins
  3 jackals (D:1)
  3 quokkas
  13 ball pythons
  6 frilled lizards
  7 kobolds
  8 rats
106 creatures vanquished.

Notes
Turn   | Place    | Note
-------+----------+-------------------------------------------
     0 | D:1      | Alarak the Barachi Hunter began the quest for the Orb.
     0 | D:1      | Reached XP level 1. HP: 17/17 MP: 1/1
    38 | D:1      | Reached skill level 3 in Fighting
    41 | D:1      | Reached XP level 2. HP: 24/24 MP: 2/2
   224 | D:1      | Reached skill level 4 in Fighting
   266 | D:1      | Reached XP level 3. HP: 30/30 MP: 3/3
   538 | D:2      | Reached skill level 5 in Fighting
   541 | D:2      | Reached XP level 4. HP: 37/39 MP: 2/4
  1228 | D:3      | Reached skill level 6 in Fighting
  1228 | D:3      | Reached XP level 5. HP: 46/46 MP: 5/5
  1364 | D:3      | Reached skill level 7 in Fighting
  1521 | D:3      | Reached XP level 6. HP: 41/55 MP: 6/6
  2225 | D:4      | Noticed a black bear
  2232 | D:4      | Killed a black bear
  2233 | D:4      | Reached skill level 5 in Ranged Weapons
  2256 | D:4      | Reached XP level 7. HP: 60/60 MP: 7/7
  2316 | D:4      | You fall into a shaft and drop 3 floors!
  2383 | D:5      | Entered Level 5 of the Dungeon
  2389 | D:5      | HP: 2/60 [water moccasin (6)]
  2389 | D:5      | Shot with an arrow by a centaur

Illustrated notes

Levels and vault maps discovered:
D:1:      minmay_arrival_plants_in_alcoves, layout_rooms
D:2:      layout_basic, minmay_fractal_squares_5
D:3:      minmay_general_purpose_star, layout_loops_ring, minmay_box_of_dots
D:4:      layout_gridville, chequers_ossuary_entry_cave
D:5:      layout_loops_cross, gammafunk_ghost_arena, uniq_blork_the_orc
D:6:      layout_basic, minmay_temple_entry_glass
D:7:      layout_gridville, overflow_temple_1_default,
          nicolae_overflow_crystal_walls

Skill      XL: |  1  2  3  4  5  6 |
---------------+-------------------+-----
Fighting       | 3 4 5 6 7 |  7.3
Ranged Weapons | 6 |  6.2
Dodging        | |  2.1
Stealth        | |  0.8

Action                     |  1- 3 |  4- 6 |  7- 9 || total
---------------------------+-------+-------+-------++-------
   Fire: Shortbow          |    79 |   206 |     9 ||   294
Ability: Hop               |     2 |     3 |     1 ||     6
    Use: Scroll            |     4 |     5 |     1 ||    10
 Armour: Leather armour    |    19 |    57 |    10 ||    86
  Dodge: Dodged            |    21 |    34 |     4 ||    59

Table legend: (Time is in decaauts)
 A = Elapsed time spent in this place.
 B = Non-inter-level travel time spent in this place.
 C = Inter-level travel time spent in this place.
 D = Time resting spent in this place.
 E = Time spent auto-exploring this place.
 F = Levels seen in this place.
 G = Mean time per level.
                   A        B        C        D        E       F      G
               +--------+--------+--------+--------+--------+-----+--------+
         Total |   2773 |   2653 |    120 |     56 |   2059 |   7 |  396.1 |
       Dungeon |   2773 |   2653 |    120 |     56 |   2059 |   7 |  396.1 |
               +--------+--------+--------+--------+--------+-----+--------+

Top non-repeatable levels by time:
     D:3: 1162 daAuts
     D:2: 818 daAuts
     D:1: 587 daAuts
     D:4: 121 daAuts
     D:6: 40 daAuts
     D:7: 38 daAuts
     D:5: 6 daAuts
